 Dungeon Crawl Stone Soup version 0.29-a0-322-g68df515428 (webtiles) character file.

Game seed: 13995264075271335883

93 sammy202020 the Skirmisher (level 4, -4/55 HPs)
             Began as a Demonspawn Berserker on Apr 6, 2022.
             Was a Believer of Trog.
             Slain by a gnoll
             ... wielding a +0 halberd
              (7 damage)
             ... on level 2 of the Dungeon.
             The game lasted 00:02:45 (1903 turns).

sammy202020 the Skirmisher (Demonspawn Berserker)   Turns: 1903, Time: 00:02:47

Health: -4/55      AC:  8    Str: 17    XL:     4   Next: 36%
Magic:  4/4        EV:  7    Int: 11    God:    Trog [**....]
Gold:   98         SH:  0    Dex: 14    Spells: 3/3 levels left

rFire   . . .      SeeInvis .   a - +0 hand axe
rCold   . . .      Faith    .   (no shield)
rNeg    . . .      Spirit   .   r - +0 chain mail
rPois   .          Reflect  .   (no helmet)
rElec   .          Harm     .   (no cloak)
rCorr   .          Rampage  .   (no gloves)
Will    .....                   (no boots)
Stlth   ..........              (no amulet)
HPRegen 0.18/turn               (no ring)
MPRegen 0.09/turn               (no ring)

@: berserking, very quick
A: thin skeletal structure 1, spiny 1
a: Renounce Religion, Berserk, Trog's Hand


You were on level 2 of the Dungeon.
You worshipped Trog.
Trog was pleased with you.
You visited 1 branch of the dungeon, and saw 2 of its levels.

You collected 98 gold pieces.

Inventory:

Hand Weapons
 a - a +0 hand axe (weapon)
 g - a +0 mace
 q - a +0 hunting sling
Missiles
 k - 6 poisoned darts (quivered)
Armour
 r - a +0 chain mail (worn)
Scrolls
 e - 2 scrolls of brand weapon {unknown}
 f - a scroll of noise {unknown}
 j - 2 scrolls of teleportation {unknown}
 l - a scroll of enchant weapon {unknown}
 m - 2 scrolls of identify {unknown}
 n - a scroll of acquirement {unknown}
 o - a scroll of amnesia {unknown}
Potions
 b - a potion of flight {unknown}
 c - 3 potions of curing {unknown}
 d - a potion of degeneration {unknown}
 h - 2 potions of berserk rage {unknown}
 i - a potion of attraction {unknown}
 p - a potion of haste {unknown}


   Skills:
 * Level 4.0 Fighting
 * Level 3.6 Axes
 + Level 2.4 Armour
 - Level 1.7 Dodging


You had 3 spell levels left.
You didn't know any spells.
Your spell library was empty.

Dungeon Overview and Level Annotations

Branches:
Dungeon (2/15)

Altars:


Innate Abilities, Weirdness & Mutations

You have a somewhat thin skeletal structure. (Dex +2, Stealth+)
You are partially covered in sharp spines.


Message History

The gnoll hits you but does no damage. The adder bites you but does no damage.
The gnoll barely misses you. x2
You barely miss the adder.
The adder is moderately wounded.
The adder is struck by your spines. The adder bites you but does no damage.
The gnoll hits you but does no damage.
The gnoll hits you from afar with a +0 halberd!
You hit the adder.
You kill the adder!
Trog accepts your kill. The gnoll barely misses you.
The gnoll hits you but does no damage.
Your Fighting skill increases to level 4!
A red film seems to cover your vision as you go berserk!
You feel yourself moving faster!
You feel mighty!
The gnoll hits you from afar with a +0 halberd!
The gnoll hits you but does no damage. The gnoll is struck by your spines.
The gnoll closely misses you.
You slash the gnoll! Your punch misses the gnoll.
The gnoll is almost dead.
The gnoll hits you from afar with a +0 halberd!
The gnoll barely misses you.
The gnoll hits you from afar with a +0 spear.
* * * LOW HITPOINT WARNING * * *
There is an open door, spattered with blood here.
You see here an adder corpse.
You hit the gnoll.
The gnoll is moderately wounded.
You completely miss the gnoll. You slash the gnoll!
You kill the gnoll!
Trog accepts your kill.
You slash the gnoll! The gnoll barely misses you. x2
The gnoll hits you with a +0 halberd!
* * * LOW HITPOINT WARNING * * *
You closely miss the gnoll. You hit the gnoll. You slash the gnoll!
You kill the gnoll!
Trog accepts your kill. The gnoll hits you with a +0 spear.
* * * LOW HITPOINT WARNING * * *
The gnoll is struck by your spines. The gnoll hits you with a +0 halberd!
You die...

#.###.### ##.#
####..##### ####.##..#
###.# #...#......
#.......## ###...##
##(..#...... #.......#
#...#..####....#......
#.......#
##.####.##.............
....#.###
#..#.........##########
.####.#####...###.#.####
## #.#......##g#)..#
#####...##..##.K@.###
..)........##..g###
.#####..####...#
..........#⌠..#
####......#.>. #
#......#⌠. #......##
########


You could see 2 gnolls and a kobold.

Vanquished Creatures
  2 gnolls (D:2)
  4 adders (D:2)
  2 dart slugs (D:1)
  4 ball pythons
  A bat (D:1)
  5 endoplasms
  4 goblins
  4 hobgoblins
  2 jackals (D:1)
  5 quokkas
  2 frilled lizards
  6 kobolds
  2 rats
43 creatures vanquished.

Vanquished Creatures (others)
  A fungus (D:2)
  A plant (D:2)
2 creatures vanquished.

Grand Total: 45 creatures vanquished

Notes
Turn   | Place    | Note
-------+----------+-------------------------------------------
     0 | D:1      | sammy202020 the Demonspawn Berserker began the quest for
                  | the Orb.
     0 | D:1      | Reached XP level 1. HP: 18/18 MP: 1/1
   454 | D:1      | Gained mutation: You have a somewhat thin skeletal
                  | structure. (Dex +2, Stealth+) [demonic ancestry]
   454 | D:1      | Reached XP level 2. HP: 15/24 MP: 2/2
  1310 | D:2      | Gained mutation: You are partially covered in sharp spines.
                  | [demonic ancestry]
  1310 | D:2      | Reached XP level 3. HP: 29/29 MP: 3/3
  1523 | D:2      | Found a faded altar of an unknown god.
  1531 | D:2      | Reached ** piety under Trog
  1810 | D:2      | Reached XP level 4. HP: 37/37 MP: 4/4
  1899 | D:2      | Reached skill level 4 in Fighting
  1903 | D:2      | Slain by a gnoll

Illustrated notes

Levels and vault maps discovered:
D:1:      dpeg_arrival_rooms_with_view, layout_loops_corners
D:2:      layout_rooms, shapermc_ecumenical_altar_rom_forum, grunt_ministairs_8

Skill      XL: |  1  2  3  4 |
---------------+-------------+-----
Axes           | 3 |  3.6
Armour         | 2 |  2.4
Fighting       | 4 |  4.0
Dodging        | |  1.7

Action                   |  1- 3 |  4- 6 || total
-------------------------+-------+-------++-------
Melee: Hand axe          |    98 |     8 ||   106
       Punch             |     2 |       ||     2
Invok: Berserk           |       |     1 ||     1
 Stab: Sleeping          |     3 |       ||     3
Armor: Animal skin       |     6 |       ||     6
       Leather armour    |    12 |       ||    12
       Scale mail        |     1 |       ||     1
       Chain mail        |     8 |     8 ||    16
Dodge: Dodged            |    50 |     8 ||    58

Table legend: (Time is in decaauts)
 A = Elapsed time spent in this place.
 B = Non-inter-level travel time spent in this place.
 C = Inter-level travel time spent in this place.
 D = Time resting spent in this place.
 E = Time spent auto-exploring this place.
 F = Levels seen in this place.
 G = Mean time per level.
                   A        B        C        D        E       F      G
               +--------+--------+--------+--------+--------+-----+--------+
         Total |   1917 |   1900 |     17 |      0 |   1489 |   2 |  958.5 |
       Dungeon |   1917 |   1900 |     17 |      0 |   1489 |   2 |  958.5 |
               +--------+--------+--------+--------+--------+-----+--------+

Top non-repeatable levels by time:
     D:1: 1306 daAuts
     D:2: 611 daAuts
